 Dungeon Crawl Stone Soup version 0.23.2-33-g5129a83184 (webtiles) character file.

Game seed: 2175045395656941581

38 Destapler the Grave Robber (level 3, -1/20 HPs)
             Began as a Deep Elf Necromancer on July 28, 2019.
             Slain by a jackal (2 damage)
             ... on level 2 of the Dungeon.
             The game lasted 00:09:08 (961 turns).

Destapler the Grave Robber (Deep Elf Necromancer)    Turns: 961, Time: 00:09:08

Health: -1/20      AC:  2    Str:  5 (6)  XL:     3   Next: 25%
Magic:  1/9        EV: 13    Int: 16 (19) God:
Gold:   58         SH:  0    Dex: 14 (17) Spells: 6/8 levels left

rFire    + . .     SeeInvis .   j - +0 spear
rCold    + . .     Gourm    .   (no shield)
rNeg     . . .     Faith    .   a - +0 robe
rPois    +         Spirit   .   (helmet restricted)
rElec    +         Reflect  .   (no cloak)
rCorr    +         Harm     .   (no gloves)
MR       .....                  (no boots)
Stlth    ++........             (no amulet)
HPRegen  0.46/turn              l - +2 ring of dexterity
MPRegen  0.11/turn              (no ring)

@: resistant, flying
A: antennae 1, mutation resistance 1, regeneration 1
a: no special abilities


You were on level 2 of the Dungeon.
You were not hungry.

You visited 1 branch of the dungeon, and saw 2 of its levels.

You collected 58 gold pieces.

Inventory:

Hand Weapons
 j - a +0 spear (weapon)
Missiles
 d - 17 stones (quivered)
Armour
 a - a +0 robe (worn)
Jewellery
 l - a +2 ring of dexterity (left hand)
Scrolls
 k - 2 scrolls of identify {unknown}
 n - a scroll of remove curse {unknown}
 o - a scroll of immolation {unknown}
Comestibles
 b - a chunk of flesh
 c - 3 rations


   Skills:
 * Level 1.2 Fighting
 + Level 2.9 Dodging
 + Level 3.0 Stealth
 + Level 3.4 Spellcasting
 - Level 5.0 Necromancy


You had 6 spell levels left.
You knew the following spells:

 Your Spells              Type           Power        Failure   Level  Hunger
a - Pain                  Necr           ###.         2%          1    None
b - Animate Skeleton      Necr           N/A          2%          1    None

Your spell library contained the following spells:

 Spells                   Type           Power        Failure   Level  Hunger
 Vampiric Draining        Necr           ###.......   7%          3    ###....
 Regeneration             Chrm/Necr      ##........   19%         3    ###....
 Animate Dead             Necr           N/A          22%         4    ####...


Dungeon Overview and Level Annotations

Branches:
Dungeon (2/15)

Altars:


Innate Abilities, Weirdness & Mutations

You have a pair of small antennae on your head.
You are somewhat resistant to further mutation.
Your natural rate of healing is unusually fast.


Message History

It was a potion of degeneration.
There was something very wrong with that liquid.
You feel weakened.
You feel dopey.
You feel clumsy. The jackal completely misses you.
The jackal barely misses your jackal skeleton.
Your jackal skeleton bites the jackal.
As you read the scroll labeled TOMAVV XOTO, it crumbles to dust.
You hear the tinkle of a tiny bell.
It was a scroll of random uselessness.
The jackal bites you but does no damage.
The jackal bites your jackal skeleton.
Your jackal skeleton bites the jackal.
The jackal bites you.
* * * LOW HITPOINT WARNING * * *
The worm barely misses your jackal skeleton.
As you read the scroll labeled TITWAR QYENO, it crumbles to dust.
The scroll dissolves into smoke.
It was a scroll of fog.
The jackal bites your jackal skeleton.
Your jackal skeleton is destroyed!
The jackal bites you.
You die...

#........# #........#
#........# #..!.....#
#........# #...§....#
##########.§§§§§..#
#...........§@§.#
#...........hh§.#
#...........§w§.#
#<....########.#.....
#.....# ........
#.....# ........#
#.....# ....>....#
#.....# .........#
#.....# ..........#


You could see a worm and 2 jackals.

Vanquished Creatures
  2 adders (D:2)
  A leopard gecko (D:1)
  6 bats (D:1)
  A giant cockroach (D:1)
  2 goblins (D:1)
  2 jackals (D:2)
  A kobold (D:1)
  A quokka (D:2)
  A rat (D:1)
17 creatures vanquished.

Notes
Turn   | Place    | Note
-------+----------+-------------------------------------------
     0 | D:1      | Destapler the Deep Elf Necromancer began the quest for the
                  | Orb.
     0 | D:1      | Reached XP level 1. HP: 10/10 MP: 6/6
    15 | D:1      | Learned a level 1 spell: Animate Skeleton
   296 | D:1      | Reached XP level 2. HP: 15/16 MP: 8/8
   870 | D:2      | Reached skill level 1 in Fighting
   870 | D:2      | Reached skill level 5 in Necromancy
   937 | D:2      | Reached XP level 3. HP: 19/20 MP: 6/9
   956 | D:2      | Gained mutation: You have a pair of small antennae on your
                  | head. [potion of mutation]
   956 | D:2      | Gained mutation: You are somewhat resistant to further
                  | mutation. [potion of mutation]
   956 | D:2      | Gained mutation: Your natural rate of healing is unusually
                  | fast. [potion of mutation]
   957 | D:2      | HP: 1/20 [jackal (3)]
   961 | D:2      | Slain by a jackal

Skill      XL: |  1  2 |
---------------+-------+-----
Fighting       | 1 |  1.2
Necromancy     | 5 |  5.0
Stealth        | 3 |  3.0
Dodging        | |  2.9
Spellcasting   | |  3.4

Action                   || total
-------------------------++-------
Melee: Spear             ||    29
       Unarmed           ||     3
 Cast: Pain              ||    21
       Animate Skeleton  ||     8
  Use: Potion            ||     4
       Scroll            ||     2
 Stab: Sleeping          ||     2
Armor: Robe              ||    12
Dodge: Dodged            ||    32
